AoeStats
← PoofyCastle58

Arabian Desert

508973712Analyzed
1v1 RM · 8d ago on Sep 24, 2026· 37m 40s· 2 players
Game mode
Random Map
Map size
Tiny (2 player)
Population
200
Speed
Normal
Resources
Standard
Victory
Conquest
Starting age
Dark Age
Ending age
Imperial Age
RankedLock teamsTeams togetherTeam positionsShared explorationLock speedFull tech treeHidden civsTurbo modeCheats
Victory
Defeat
🇺🇸 Sicilians · United States
818
+16
🇨🇴 Byzantines · Colombia
810
-16
jhonand4
6:57 Loom
10:35 Feudal Age
11:16 Double-Bit Axe
23:10 Castle Age
22:29 Gold Mining
22:33 Stone Mining
31:09 Husbandry
PoofyCastle58
7:55 Loom
10:16 Feudal Age
12:39 Double-Bit Axe
13:52 Horse Collar
21:37 Castle Age
20:08 Gold Mining
20:37 Fletching
22:57 Bodkin Arrow
23:36 Bow Saw
24:20 Padded Archer Armor
25:49 Husbandry
27:09 Heavy Plow
30:02 Bloodlines
34:21 Ballistics
Connection lost

Rejoining the realm…

Still unreachable

The connection could not be restored.

Session expired

The server has moved on; the page needs a fresh start.